 Dungeon Crawl Stone Soup version 0.29.1-15-g9cfb28693d (webtiles) character file.

Game seed: 3340984492841745658

196368 safid the Cryomancer (level 18, -17/140 HPs)
             Began as a Merfolk Ice Elementalist on Apr 17, 2023.
             Was the Champion of Vehumet.
             Killed from afar by Nikola (58 damage)
             ... with an arc of chain lightning
             ... on level 3 of the Spider Nest on Apr 18, 2023.
             The game lasted 02:05:03 (45850 turns).

safid the Cryomancer (Merfolk Ice Elementalist)    Turns: 45850, Time: 02:05:04

Health: -17/140    AC: 27    Str: 10    XL:     18   Next: 37%
Magic:  7/34       EV: 17    Int: 21    God:    Vehumet [******]
Gold:   700        SH: 11    Dex: 18    Spells: 7/41 levels left

rFire   + . .      SeeInvis +   U - +6 demon trident (pain)
rCold   + + .      Faith    +   C - +0 kite shield {reflect}
rNeg    + . .      Spirit   .   R - +2 robe {Archmagi}
rPois   +          Reflect  +   V - +1 helmet {SInv}
rElec   +          Harm     .   L - +1 cloak
rCorr   +          Rampage  +   y - +2 pair of gloves of Abstinence {Rampage rC+ Dex-3 SInv}
Will    ++...      Archmagi +   m - +2 pair of boots
Stlth   ++........              O - amulet of Tunusir {Faith rN+ Will+ Regen+}
HPRegen 1.13/turn               o - ring of poison resistance
MPRegen 0.24/turn               D - ring of Uxonaq {Wiz rCorr Str+2 Dex+5}

@: ice-armoured, resistant, freezing walls, slightly contaminated, studying
Necromancy
A: (nimble swimmer 2), mertail
}: 1/15 runes: barnacled
a: Renounce Religion


You were on level 3 of the Spider Nest.
You worshipped Vehumet.
Vehumet was exalted by your worship.
You visited 6 branches of the dungeon, and saw 30 of its levels.
You also visited: Ice Cave.

You collected 2884 gold pieces.
You spent 2184 gold pieces at shops.

Inventory:

Hand Weapons
 F - the +7 rapier "Tevy" {holy, rElec Will- Str+10 Stlth-}
   (You found it on level 1 of the Spider Nest)

   It has been blessed by the Shining One to cause great damage to the undead
   and demons.
   Str:       It affects your strength (+10).
   rElec:     It insulates you from electricity.
   Will:      It decreases your willpower.
   Stlth:     It makes you less stealthy.
 U - a +6 demon trident of pain (weapon)
Missiles
 e - 10 curare-tipped darts
 B - 6 throwing nets
 I - 11 silver javelins
Armour
 m - a +2 pair of boots (worn)
 y - the +2 pair of gloves of Abstinence (worn) {Rampage rC+ Dex-3 SInv}
   (You acquired it on level 9 of the Dungeon)

   Dex:       It affects your dexterity (-3).
   rC:        It protects you from cold.
   SInv:      It lets you see invisible.
   Rampage:   It bestows one free step when moving towards enemies.
 C - a +0 kite shield of reflection (worn)
 L - a +1 cloak (worn)
 R - a +2 robe of the Archmagi (worn)
 V - a +1 helmet of see invisible (worn)
Jewellery
 c - a ring of positive energy
 k - a ring of flight
 o - a ring of poison resistance (left hand)
 w - a ring of willpower
 D - the ring of Uxonaq (right hand) {Wiz rCorr Str+2 Dex+5}
   (You bought it in a shop on level 2 of the Orcish Mines)

   [ring of wizardry]

   It improves your spell success rate.
   Str:       It affects your strength (+2).
   Dex:       It affects your dexterity (+5).
   rCorr:     It protects you from acid and corrosion.
 H - a ring of fire
 M - a ring of protection from cold
 O - the amulet of Tunusir (around neck) {Faith rN+ Will+ Regen+}
   (You bought it in a shop on level 4 of the Shoals)

   [amulet of faith]

   It allows you to gain divine favour quickly.
   rN:        It protects you from negative energy.
   Regen:     It increases your rate of health regeneration.
   Will:      It increases your willpower.
Wands
 t - a wand of charming (22)
 A - a wand of quicksilver (17)
 J - a wand of digging (7)
 P - a wand of iceblast (5)
 Q - a wand of flame (14)
 T - a wand of mindburst (9)
Scrolls
 a - 13 scrolls of teleportation
 b - 3 scrolls of blinking
 g - 2 scrolls of fog
 i - 5 scrolls of amnesia
 z - 7 scrolls of magic mapping
 E - 3 scrolls of fear
 G - a scroll of brand weapon
 N - a scroll of summoning
 W - a scroll of silence
Potions
 d - 3 potions of brilliance
 f - 4 potions of mutation
 h - 4 potions of curing
 j - a potion of berserk rage
 l - 6 potions of flight
 n - a potion of haste
 p - 2 potions of might
 r - 2 potions of invisibility
 s - 3 potions of cancellation
 u - 3 potions of heal wounds
 v - 2 potions of lignification
 K - a potion of ambrosia
Miscellaneous
 S - a phial of floods


   Skills:
 - Level 12.0 Fighting
 + Level 4.3 Polearms
 - Level 10.0 Dodging
 - Level 3.0 Stealth
 + Level 7.1 Shields
 - Level 12.0 Spellcasting
 - Level 4.0 Conjurations
 - Level 10.0 Necromancy
 + Level 3.4 Translocations
 + Level 10.3 Transmutations
 - Level 24.6 Ice Magic


You had 7 spell levels left.
You knew the following spells:

 Your Spells              Type           Power      Damage    Failure   Level
a - Ozocubu's Refrigerat  Ice            54%        4d19      1%          7
b - Frozen Ramparts       Ice            100%       1d16      0%          3
c - Ozocubu's Armour      Ice            100%       N/A       0%          3
d - Irradiate             Conj/Tmut      29%        3d21      2%          5
e - Blink                 Tloc           80%        N/A       1%          2
f - Dispel Undead         Necr           69%        3d23      1%          4
g - Hailstorm             Conj/Ice       83%        3d17      1%          4
h - Freeze                Ice            100%       1d11      0%          1
i - Freezing Cloud        Conj/Ice/Air   34%        6-21      1%          5

Your spell library contained the following spells:

 Spells                   Type           Power      Damage    Failure   Level
 Starburst                Conj/Fire      15%        6d6       58%         6
 Magic Dart               Conj           100%       1d8       1%          1
 Necrotise                Necr           100%       1d9       1%          1
 Sting                    Tmut/Pois      100%       1d8       1%          1
 Ensorcelled Hibernation  Hex/Ice        100%       N/A       1%          2
 Searing Ray              Conj           88%        2d7       1%          2
 Static Discharge         Conj/Air       31%        3-7/arc   1%          2
 Spider Form              Tmut/Pois      50%        N/A       1%          3
 Vampiric Draining        Necr           69%        2d10      1%          3
 Poisonous Vapours        Pois/Air       36%        N/A       2%          2
 Stone Arrow              Conj/Erth      62%        3d10      2%          3
 Agony                    Necr           69%        N/A       2%          5
 Iskenderun's Mystic Bla  Conj/Tloc      42%        2d10      3%          4
 Lesser Beckoning         Tloc           40%        N/A       4%          3
 Teleport Other           Tloc           40%        N/A       4%          3
 Slow                     Hex            72%        N/A       5%          1
 Anguish                  Hex/Necr       25%        N/A       7%          4
 Fulminant Prism          Conj/Hex       15%        3d11      7%          4
 Sticky Flame             Conj/Fire      31%        2d5       7%          4
 Olgreb's Toxic Radiance  Pois           18%        N/A       14%         4
 Lee's Rapid Deconstruct  Erth           9%         3d8*      34%         5
 Manifold Assault         Tloc           40%        N/A       34%         5
 Animate Armour           Summ/Erth      36%        N/A       45%         4
 Discord                  Hex            9%         N/A       100%        8
 Ignition                 Fire           9%         3d5       100%        8
 Lehudib's Crystal Spear  Conj/Erth      15%        10d5      100%        8


Dungeon Overview and Level Annotations

Branches:
Dungeon (15/15)            Temple (1/1) D:5            Lair (5/5) D:11
 Shoals (4/4) Lair:2       Spider (3/4) Lair:2        Slime (0/5) Lair:4
    Orc (2/2) D:12            Elf (0/3) Orc:2        Vaults (0/5) D:14
 Depths (0/4) D:15          IceCv (visited)

Altars:
Ashenzari
Cheibriados
Dithmenos
Elyvilon
Fedhas
Gozag
Hepliaklqana
Kikubaaqudgha
Makhleb
Nemelex Xobeh
Okawaru
Qazlal
Ru
Sif Muna
Trog
Uskayaw
Vehumet
Wu Jian
Xom
Yredelemnul
Zin
The Shining One
Jiyva

Shops:
D:3 **   D:14 :   Orc:2 ?[=!   Shoals:4 =

Annotations:
D:3 3 runed translucent doors, Wkid's ghost, amateur OpDe
D:6 1 runed translucent door, Crazy Yiuf
D:11 2 transporters, exclusion: orange crystal statue, viagra's ghost, journeyman MiBe
D:14 exclusion: ice statue
Lair:1 2 transporters, exclusion: oklob plant, sigtrap's ghost, journeyman GnFi
Lair:4 Kirke
Spider:3 Nikola
Orc:2 2 runed translucent doors, exclusion: orange crystal statue


Innate Abilities, Weirdness & Mutations

((You are very nimble when in or above water. (Stealth+, EV+, Speed+++)))
Your lower body shifts to a powerful aquatic tail in water.


Message History

The wall freezes Nikola.
Nikola raves, "Can you feel it? Can you feel it?
CAN YOU FEEL IT?"
Nikola gestures wildly while chanting.
Lightning arcs from Nikola's hands!
The bolt of lightning hits you!!! You resist.
A bolt of lightning appears from out of thin air!
The bolt of lightning hits Nikola!
You hear an angry buzzing noise. x2
Unknown command.
Casting: Ozocubu's Armour (safe; 0% risk of failure)
Confirm with . or Enter, or press ? or * to list all spells.
You feel a surge of power!
You erupt in a fountain of uncontrolled magic!
Nikola is blasted with magical radiation!
Nikola is heavily wounded.
Nikola twists and deforms.
You are very lightly contaminated with residual magic.
The wall freezes Nikola!
Nikola hits you but does no damage.
The wall freezes Nikola!
You block Nikola's attack.
Unknown command.
Casting: Irradiate (mildly dangerous; 2% risk of failure)
Confirm with . or Enter, or press ? or * to list all spells.
You feel a surge of power!
You erupt in a fountain of uncontrolled magic!
Nikola is blasted with magical radiation!!
Nikola is severely wounded.
Nikola twists and deforms.
You are lightly contaminated with residual magic.
The wall freezes Nikola!
Nikola casts a spell.
Lightning arcs from Nikola's hands!
The bolt of lightning hits you!! You resist.
* * * LOW HITPOINT WARNING * * *
A bolt of lightning appears from out of thin air!
The bolt of lightning hits Nikola!
The wall freezes Nikola!
Nikola mumbles some strange words.
Lightning arcs from Nikola's hands!
The bolt of lightning hits you!!! You resist.
You die...

#..........## ###....#
#........## #.##..#
###.....## #.#####
###.### #.####^# #.#
#.....## ##.###
#..####.##
#....####..## #...####
##..........##...#.##.
#..##@..###....###..##
#....†@### ##... #..##
#......## #... #..#.#
#^...... ##. #..##.#
..#...... .....# ##.
.###...... ###..# #.
#..... ##....###
...... . #.... #
#...###


You could see Nikola (misshapen).

Vanquished Creatures
  Polyphemus (Shoals:3)
  2 krakens
  Agnes (Spider:1)
  2 emperor scorpions
  An ironbound preserver (D:14)
  A broodmother (Spider:2)
  Snorg (Lair:5)
  10 merfolk impalers
  7 merfolk javelineers
  7 hydras
  3 merfolk avatars
  Fannar (D:11)
  8 boulder beetles
  3 catoblepae
  An alligator snapping turtle (Shoals:4)
  A jorogumo (Spider:2)
  4 centaur warriors
  4 two-headed ogres
  4 merfolk aquamancers (Shoals:2)
  3 satyrs
  12 death yaks
  2 orc high priests
  Urug (D:11)
  A fire crab (Lair:5)
  2 pharaoh ants (Spider:1)
  23 sea snakes
  9 skeletal warriors
  3 orb spiders (Spider:2)
  3 steelbarb worms
  A necromancer (D:15)
  A wizard (D:15)
  5 deep elf pyromancers
  A deep elf zephyrmancer (D:15)
  16 harpies
  5 orc sorcerers (Orc:2)
  17 ugly things
  3 orc knights
  8 wolf spiders
  2 oklob plants (Lair:4)
  4 cyclopes
  19 fauns
  18 manticores
  A black mamba (shapeshifter) (D:13)
  5 merfolk sirens
  2 centaur zombies (D:15)
  2 moths of wrath
  3 black mambas (Lair:5)
  A naga mage (D:15)
  14 elephants
  6 water nymphs
  2 torpor snails (Spider:1)
  13 cane toads
  A centaur skeleton (D:15)
  A rime drake (Lair:5)
  2 kobold demonologists
  A freezing wraith (D:14)
  3 efreet
  10 komodo dragons
  3 demonic crawlers
  37 merfolk
  11 polar bears
  6 trolls
  11 tarantellas
  A hornet (D:9)
  16 blink frogs
  6 wind drakes
  5 raiju (Lair:5)
  3 dream sheep (Shoals:3)
  Prince Ribbit (Lair:1)
  4 snapping turtles
  18 jumping spiders
  4 slime creatures
  3 shadows
  A centaur simulacrum (D:15)
  6 water elementals
  17 culicivoras
  73 yaks
  4 wraiths
  7 wyverns
  6 hogs
  A vampire (D:11)
  4 basilisks
  16 redbacks
  Grum (D:9)
  A steam dragon (D:11)
  5 vampire mosquitoes
  A death yak simulacrum (IceCv)
  Menkaure (D:6)
  8 wargs
  An acid dragon (D:9)
  8 water moccasins
  12 hell hounds (Lair:5)
  19 orc warriors
  A sky beast (D:7)
  11 black bears (Lair:5)
  8 ogres
  27 wolves
  2 centaurs (D:11)
  3 phantoms
  3 kobold brigands
  Blork the orc (D:4)
  3 necrophages
  2 scorpions
  6 bullfrogs
  17 wights
  An elephant simulacrum (IceCv)
  6 howler monkeys
  3 electric eels
  A jelly (D:6)
  23 orc priests
  2 gnoll boudas
  3 hounds (D:6)
  4 iguanas
  28 orc wizards
  2 polar bear simulacra (IceCv)
  A wolf simulacrum (IceCv)
  11 adders
  8 gnolls
  A shadow imp (D:7)
  2 white imps
  2 ufetubi
  A worm (D:3)
  67 orcs
  An endoplasm (D:1)
  3 giant cockroaches
  5 goblins
  5 hobgoblins
  2 jackals (D:2)
  4 quokkas
  5 ball pythons
  4 bats
  7 frilled lizards
  21 kobolds
  5 rats
  A bush (Lair:5)
  A butterfly (D:15)
923 creatures vanquished.

Vanquished Creatures (others)
  A human (D:7)
  35 fungi
  235 plants
  17 tentacles
288 creatures vanquished.

Grand Total: 1211 creatures vanquished

Notes
Turn   | Place    | Note
-------+----------+-------------------------------------------
     0 | D:1      | safid the Merfolk Ice Elementalist began the quest for the
                  | Orb.
     0 | D:1      | Reached XP level 1. HP: 13/13 MP: 3/3
   385 | D:1      | Reached XP level 2. HP: 15/20 MP: 5/5
   530 | D:1      | Reached skill level 1 in Fighting
  1093 | D:2      | Reached XP level 3. HP: 26/26 MP: 1/6
  1973 | D:3      | Found a glowing silver altar of Zin.
  1996 | D:3      | Reached skill level 5 in Ice Magic
  1996 | D:3      | Reached XP level 4. HP: 19/33 MP: 6/8
  2002 | D:3      | Learned a level 3 spell: Frozen Ramparts
  2006 | D:3      | Learned a level 3 spell: Ozocubu's Armour
  2161 | D:3      | Found a faded altar of an unknown god.
  2405 | D:3      | Found a runed translucent gate.
  2405 | D:3      | Found a runed translucent gate.
  2405 | D:3      | Found a runed translucent gate.
  2411 | D:3      | Noticed Wkid's ghost (amateur OpDe)
  2488 | D:3      | Found Deerupao's Assorted Antiques.
  2626 | D:3      | Found Qubruawi's General Store.
  2631 | D:3      | Bought a scroll of identify for 24 gold pieces
  2886 | D:4      | Reached XP level 5. HP: 17/39 MP: 1/9
  3160 | D:4      | Reached XP level 6. HP: 46/47 MP: 9/11
  3335 | D:4      | Noticed Blork the orc
  3353 | D:4      | Killed Blork the orc
  3560 | D:4      | Reached skill level 6 in Ice Magic
  4077 | D:5      | Entered Level 5 of the Dungeon
  4107 | D:5      | Reached XP level 7. HP: 54/54 MP: 3/13
  4328 | D:5      | Learned a level 4 spell: Hailstorm
  4645 | D:5      | Reached skill level 5 in Fighting
  4992 | D:5      | Found a staircase to the Ecumenical Temple.
  5059 | Temple   | Entered the Ecumenical Temple
  5220 | D:6      | Noticed a wyvern
  5228 | D:6      | Reached skill level 7 in Ice Magic
  5228 | D:6      | Reached XP level 8. HP: 44/62 MP: 9/15
  5229 | D:6      | Reached skill level 5 in Spellcasting
  5229 | D:6      | Killed a wyvern
  5711 | D:6      | Found a runed translucent door.
  5712 | D:6      | Noticed Crazy Yiuf
  5812 | D:6      | Noticed Menkaure
  5819 | D:6      | Killed Menkaure
  5820 | D:6      | Reached skill level 8 in Ice Magic
  6143 | D:6      | Identified the +1 robe "Lammagol" {Str+4}
  6194 | D:6      | Reached XP level 9. HP: 65/71 MP: 18/18
  7540 | D:7      | Found an ancient bone altar of Kikubaaqudgha.
  7654 | D:7      | Reached skill level 9 in Ice Magic
  7879 | D:7      | Found a sacrificial altar of Ru.
  8122 | D:8      | Found an iron altar of Okawaru.
  8496 | D:8      | Reached XP level 10. HP: 81/82 MP: 17/21
  8571 | D:8      | Found a broken altar of Ashenzari.
  8762 | D:8      | Reached skill level 10 in Ice Magic
  9255 | D:9      | Noticed Grum
  9311 | D:9      | Killed Grum
  9610 | D:9      | Found a hide-covered altar of Uskayaw.
  9610 | D:9      | Found a blossoming altar of Fedhas.
  9611 | D:9      | Found a white marble altar of Elyvilon.
  9659 | D:9      | Reached skill level 10 in Fighting
  9659 | D:9      | Reached skill level 11 in Ice Magic
  9702 | D:9      | Paralysed by a hornet for 3 turns
  9822 | D:9      | Noticed a two-headed ogre
  9830 | D:9      | Killed a two-headed ogre
  9831 | D:9      | Reached XP level 11. HP: 49/90 MP: 12/24
  9951 | D:9      | Identified the +0 scale mail of the Gloaming {Dex+4 Stlth+}
 10345 | D:9      | Found a burning altar of Makhleb.
 10347 | D:9      | Found a radiant altar of Vehumet.
 10464 | D:9      | Identified a scroll of acquirement
 10465 | D:9      | Acquired the +2 pair of gloves of Abstinence {Rampage rC+
                  | Dex-3 SInv}
 10521 | D:10     | Entered Level 10 of the Dungeon
 10573 | D:10     | Noticed a two-headed ogre
 10576 | D:10     | Reached skill level 12 in Ice Magic
 10582 | D:10     | Killed a two-headed ogre
 10594 | D:10     | Reached skill level 10 in Spellcasting
 10900 | D:9      | Became a worshipper of Vehumet
 11103 | D:10     | Found a sparkling altar of Nemelex Xobeh.
 11174 | D:10     | Reached skill level 13 in Ice Magic
 11354 | D:11     | Noticed Urug
 11367 | D:11     | Killed Urug
 11384 | D:11     | Noticed an orange crystal statue
 11458 | D:11     | Found a frozen archway.
 11466 | IceCv    | Entered an ice cave
 11544 | IceCv    | Noticed a white ugly thing
 11562 | IceCv    | Killed a white ugly thing
 11563 | IceCv    | Reached skill level 14 in Ice Magic
 11735 | D:11     | Found a transporter.
 12122 | D:11     | Reached XP level 12. HP: 66/97 MP: 24/26
 12150 | D:11     | Found a staircase to the Lair.
 12395 | D:11     | Noticed Fannar
 12406 | D:11     | Reached skill level 15 in Ice Magic
 12428 | D:11     | Killed Fannar
 12609 | D:11     | Noticed viagra's ghost (journeyman MiBe)
 12661 | D:11     | Found a transporter.
 13244 | Lair:1   | Entered Level 1 of the Lair of Beasts
 13250 | Lair:1   | Reached * piety under Vehumet
 13250 | Lair:1   | Offered knowledge of Foxfire by Vehumet.
 13297 | Lair:1   | Noticed a six-headed hydra
 13297 | Lair:1   | Noticed sigtrap's ghost (journeyman GnFi)
 13328 | Lair:1   | Reached skill level 16 in Ice Magic
 13498 | Lair:1   | Reached skill level 17 in Ice Magic
 13791 | Lair:1   | Noticed Prince Ribbit
 13845 | Lair:1   | Killed Prince Ribbit
 13980 | Lair:1   | Noticed an eight-headed hydra
 13982 | Lair:1   | Found a transporter.
 13987 | Lair:1   | Found a transporter.
 14496 | Lair:2   | Found a staircase to the Shoals.
 14505 | Lair:2   | Reached skill level 18 in Ice Magic
 14505 | Lair:2   | Reached XP level 13. HP: 12/103 MP: 16/27
 14599 | Lair:2   | Offered knowledge of Scorch by Vehumet.
 14608 | Lair:2   | Reached ** piety under Vehumet
 14730 | Lair:2   | Found a hole to the Spider Nest.
 15270 | Lair:2   | Reached skill level 19 in Ice Magic
 15916 | Lair:3   | Offered knowledge of Conjure Flame by Vehumet.
 15936 | Lair:3   | Reached *** piety under Vehumet
 16415 | Lair:3   | Reached skill level 20 in Ice Magic
 16983 | Lair:4   | Offered knowledge of Iskenderun's Mystic Blast by Vehumet.
 17063 | Lair:4   | HP: 4/103 [death yak (7)]
 17411 | Lair:4   | Found a staircase to the Slime Pits.
 17411 | Lair:4   | Found a viscous altar of Jiyva.
 17883 | Lair:4   | HP: 4/103 [death yak (7)]
 18176 | Lair:5   | Entered Level 5 of the Lair of Beasts
 18187 | Lair:4   | Learned a level 7 spell: Ozocubu's Refrigeration
 18197 | Lair:4   | Reached XP level 14. HP: 107/110 MP: 14/28
 18281 | Lair:5   | Noticed Kirke
 18497 | Lair:5   | Noticed Snorg
 18502 | Lair:5   | Reached skill level 21 in Ice Magic
 19591 | Lair:4   | HP: 3/110 [hog[Kirke] (11)]
 20492 | Lair:5   | Killed Snorg
 20668 | Lair:5   | Reached **** piety under Vehumet
 20730 | Lair:5   | Reached skill level 22 in Ice Magic
 20861 | Lair:5   | Offered knowledge of Lightning Bolt by Vehumet.
 22720 | D:12     | Reached skill level 23 in Ice Magic
 23296 | D:12     | Found a staircase to the Orcish Mines.
 23427 | D:12     | Reached XP level 15. HP: 115/115 MP: 18/29
 23485 | D:12     | Reached skill level 5 in Dodging
 23617 | D:12     | Noticed a fire giant
 23635 | D:12     | Reached ***** piety under Vehumet
 23635 | D:12     | Offered knowledge of Fireball by Vehumet.
 25286 | Orc:1    | Entered Level 1 of the Orcish Mines
 25550 | Orc:2    | Entered Level 2 of the Orcish Mines
 25563 | Orc:2    | Paralysed by an orc sorcerer for 3 turns
 26846 | Orc:2    | Found a staircase to the Elven Halls.
 27172 | Orc:2    | Found a runed translucent door.
 27178 | Orc:2    | Found the +10 tower shield of Ignorance {rN+ Int-4}
 27196 | Orc:2    | Found a runed translucent door.
 27239 | Orc:2    | Found Ziseqi's Jewellery Boutique.
 27239 | Orc:2    | Found Maghaplu's Magic Scroll Shop.
 27240 | Orc:2    | Found Doinuong's Antique Armour Shop.
 27244 | Orc:2    | Found Cetit's Distillery.
 27402 | Orc:2    | Bought a potion of heal wounds for 65 gold pieces
 27402 | Orc:2    | Bought a potion of heal wounds for 65 gold pieces
 27403 | Orc:2    | Bought the ring of Uxonaq {Wiz rCorr Str+2 Dex+5} for 802
                  | gold pieces
 29007 | D:14     | Found a stormy altar of Qazlal.
 29978 | D:14     | Found a gate to the Vaults.
 30589 | D:14     | Found Ygridodig's Tremendous Tomes.
 30904 | D:15     | Entered Level 15 of the Dungeon
 31190 | D:15     | Reached XP level 16. HP: 86/127 MP: 10/31
 31295 | D:15     | Found a white marble altar of Elyvilon.
 31317 | D:15     | Learned a level 2 spell: Blink
 31441 | D:15     | Reached ****** piety under Vehumet
 31441 | D:15     | Offered knowledge of Irradiate by Vehumet.
 31449 | D:15     | Learned a level 5 spell: Irradiate
 31589 | D:15     | Learned a level 4 spell: Dispel Undead
 31631 | D:15     | Reached skill level 1 in Necromancy
 31631 | D:15     | Reached skill level 1 in Translocations
 31759 | D:15     | Reached skill level 1 in Transmutations
 31879 | D:15     | Got Cogyzem's Textbook on Topological Metamorphosis
 31988 | D:15     | Reached skill level 1 in Conjurations
 32092 | D:15     | Found a staircase to the Depths.
 32421 | Shoals:1 | Entered Level 1 of the Shoals
 34122 | Shoals:1 | Reached skill level 5 in Necromancy
 34436 | Shoals:2 | Reached skill level 10 in Dodging
 34630 | Shoals:2 | Noticed a kraken
 34635 | Shoals:2 | Killed a kraken
 34948 | Shoals:2 | Offered knowledge of Freezing Cloud by Vehumet.
 35088 | Shoals:2 | Reached skill level 24 in Ice Magic
 35303 | Shoals:2 | Reached skill level 5 in Transmutations
 35576 | Shoals:2 | Reached XP level 17. HP: 128/133 MP: 21/33
 36040 | Shoals:2 | Learned a level 5 spell: Freezing Cloud
 36791 | Shoals:3 | Reached skill level 1 in Shields
 37137 | Shoals:3 | Noticed Polyphemus
 37148 | Shoals:3 | Killed Polyphemus
 38910 | Shoals:4 | Entered Level 4 of the Shoals
 38937 | Shoals:4 | Offered knowledge of Iskenderun's Battlesphere by Vehumet.
 39290 | Shoals:4 | Noticed a kraken
 39690 | Shoals:4 | Killed a kraken
 39790 | Shoals:4 | Got a barnacled rune of Zot
 39850 | Shoals:4 | Reached skill level 5 in Shields
 39883 | Shoals:4 | HP: 5/133 [merfolk javelineer/silver javelin (5)]
 40946 | Shoals:4 | Found Sojinaon's Jewellery Emporium.
 40956 | Shoals:4 | Bought the amulet of Tunusir {Faith rN+ Will+ Regen+} for
                  | 908 gold pieces
 40967 | Shoals:4 | Bought a ring of poison resistance for 320 gold pieces
 41506 | Shoals:4 | Got the Almanac of Enchantment
 41922 | Spider:1 | Entered Level 1 of the Spider Nest
 41943 | Spider:1 | Reached skill level 1 in Polearms
 42160 | Spider:1 | Reached XP level 18. HP: 127/140 MP: 4/34
 42981 | Spider:1 | Noticed Agnes
 42986 | Spider:1 | Killed Agnes
 43339 | Spider:1 | Identified the +7 rapier "Tevy" {holy, rElec Will- Str+10
                  | Stlth-}
 43395 | Spider:1 | Identified the +9 scimitar "Arcanum" {antimagic, Int+5}
 43638 | Spider:2 | Offered knowledge of Starburst by Vehumet.
 44118 | Spider:2 | Reached skill level 10 in Transmutations
 44614 | Spider:2 | Reached skill level 10 in Necromancy
 45840 | Spider:3 | Noticed Nikola
 45850 | Spider:3 | Killed from afar by Nikola

Illustrated notes

Levels and vault maps discovered:
D:1:      dpeg_arrival_chambers_temple_mockup, layout_loops_ring,
          minmay_misc_feat_roman, chequers_jeans
D:2:      layout_loops_cross, st_stairs_6
D:3:      layout_basic, mainiacjoe_overflow_small_starburst,
          shapermc_ecumenical_altar_mp_highgroup, serial_shops, shop,
          nicolae_diamond_shop, gammafunk_ghost_necromancy
D:4:      layout_basic, serial_forest, infiniplex_forest_diagonal,
          infiniplex_forest_pool, infiniplex_forest_side_room,
          infiniplex_forest_lined_ring, infiniplex_forest_lined_4_way,
          infiniplex_forest_lined_3_way, infiniplex_forest_pool,
          minmay_manual_monstrance, uniq_blork_the_orc
D:5:      layout_basic, minmay_temple_entry_large_hall, serial_park_tiny_1,
          ebering_dispersal_statue_hall
D:6:      layout_basic, minmay_fractal_squares_diagonal_5,
          uniq_crazy_yiuf_cottage, uniq_menkaure
D:7:      layout_basic, mainiacjoe_overflow_tiny_flanked, tgw_kikubaaqudgha
D:8:      layout_basic, mainiacjoe_overflow_cross_hatched, ashenzari_altar_1
D:9:      layout_loops_corners, nicolae_overflow_hidden_temple, uniq_grum
D:10:     layout_loops_cross, nemelex_diamond_rough_becter
D:11:     layout_irregular_city, erik_lair_dragon,
          portal_ice_cave_entry_pillars_2, gammafunk_ghost_stat_death,
          minmay_protected_statue, uniq_fannar, uniq_urug
D:12:     layout_cave_pods, orc_0_dummy, serial_column_ruins,
          column_ruins_courtyard_long_water, column_ruins_open_small,
          column_ruins_columns_corner, column_ruins_columns_corner,
          column_ruins_grid_1, column_ruins_open_tiny,
          column_ruins_columns_straight, kennysheep_four_rooms
D:13:     layout_irregular_city, water_boxes_lemuel
D:14:     layout_long_grid, skrybe_vaults_entry_preservation,
          kennysheep_small_spiral, serial_bayou_pond_e,
          chequers_serial_rivers_marsh, nicolae_shop_i_like_big_books,
          minivault_16, nicolae_qazlal_general_emergency
D:15:     grunt_enter_depths_magical_seal, layout_basic,
          nicolae_elyvilon_peaceful_grove
Temple:   nicolae_temple_bog_church
Lair:1:   layout_roguey, nzn_ghost_randoct, st_stairs_10, grunt_megastairs_4,
          serial_bayou_shore_b, uniq_prince_ribbit2
Lair:2:   layout_chaotic_city, elwin_shoals_entry_stream,
          nicolae_spider_entry_tight_spaces, infiniplex_staircase_pool_2
Lair:3:   layout_gridlike
Lair:4:   layout_regular_city, minmay_slime_entry_oklob_open,
          cheibrodos_lair_reptile_den, grunt_megastairs_1
Lair:5:   hangedman_lair_caniforms_friends, layout_concentric_octagons,
          uniq_kirke, uniq_snorg
Shoals:1: layout_shoals, nicolae_shoals_mertower
Shoals:2: cheibrodos_shoals_three_sisters, layout_shoals,
          nicolae_shoals_square_sea_wall, abandoned_shop,
          nicolae_shoals_land_atoll
Shoals:3: layout_shoals, uniq_polyphemus
Shoals:4: shoals_end_hangedman, layout_shoals, serial_shops, nicolae_shop_trees
Spider:1: nicolae_spider_mines_1, hangedman_spider_tarantella_strand, uniq_agnes
Spider:2: layout_spider_delve
Spider:3: layout_chambers, spiders_nest_hornet_nest, uniq_nikola
Orc:1:    layout_caves
Orc:2:    st_orc_mages, layout_diamond_mine, chequers_guarded_unrand_ignorance

Skill      XL: |  1  2  3  4  5  6  7  8  9 10 11 12 13 14 15 16 17 18 |
---------------+-------------------------------------------------------+-----
Fighting       | 1 2 3 4 5 6 8 10 11 12 | 12.0
Ice Magic      | 5 6 7 8 9 11 14 18 20 23 24 | 24.6
Spellcasting   | 3 4 6 7 9 10 11 12 | 12.0
Dodging        | 4 8 10 | 10.0
Stealth        | 3 |  3.0
Necromancy     | 6 8 10 | 10.0
Translocations | 2 3 |  3.4
Transmutations | 5 9 10 | 10.3
Conjurations   | 4 |  4.0
Shields        | 6 7 |  7.1
Polearms       | 1 4 |  4.3

Action                   |  1- 3 |  4- 6 |  7- 9 | 10-12 | 13-15 | 16-18 || total
-------------------------+-------+-------+-------+-------+-------+-------++-------
Melee: Mace              |    53 |    28 |   182 |       |       |       ||   263
       Unarmed           |     1 |       |       |       |     3 |       ||     4
       Punch             |       |       |     6 |     7 |    13 |     1 ||    27
       Whip              |       |       |    66 |    63 |       |       ||   129
       War axe           |       |       |       |   276 |   498 |    76 ||   850
       Demon trident     |       |       |       |       |       |    36 ||    36
       Tailslap          |       |       |       |       |       |     2 ||     2
 Cast: Freeze            |    28 |    31 |    53 |    27 |    33 |       ||   172
       Frozen Ramparts   |       |     8 |    41 |    62 |    90 |    11 ||   212
       Ozocubu's Armour  |       |     3 |    17 |    37 |    72 |     9 ||   138
       Hailstorm         |       |       |     4 |    11 |    19 |       ||    34
       Ozocubu's Refrige |       |       |       |       |   253 |   382 ||   635
       Irradiate         |       |       |       |       |       |    27 ||    27
       Blink             |       |       |       |       |       |     1 ||     1
Evoke: Wand              |       |       |       |       |       |     1 ||     1
  Use: Potion            |       |     1 |     1 |     4 |    13 |     1 ||    20
       Scroll            |       |     4 |    10 |    11 |    16 |    10 ||    51
 Stab: Sleeping          |     6 |     2 |     1 |       |       |     1 ||    10
       Distracted        |       |       |       |     1 |     1 |     2 ||     4
Armor: Robe              |    18 |     9 |    72 |   220 |   559 |   133 ||  1011
Dodge: Dodged            |    70 |    53 |   262 |   327 |   718 |   282 ||  1712
Block: Kite shield       |       |       |       |       |       |   118 ||   118
       Reflection        |       |       |       |       |       |    20 ||    20
